AoeStats
← Dieguin

Arabia

504317065Analyzed
1v1 RM · 28d ago on Sep 4, 2026· 31m 14s· 2 players
Game mode
Random Map
Map size
Tiny (2 player)
Population
200
Speed
Normal
Resources
Standard
Victory
Conquest
Starting age
Dark Age
Ending age
Imperial Age
RankedLock teamsTeams togetherTeam positionsShared explorationLock speedFull tech treeHidden civsTurbo modeCheats
Victory
Defeat
🇨🇴 Mongols · Colombia
791
+15
🇩🇪 Persians · Germany
766
-15
nauj mx
3:40 Loom
10:42 Feudal Age
12:11 Horse Collar
13:25 Double-Bit Axe
21:40 Castle Age
20:19 Scale Barding Armor
21:27 Bloodlines
21:26 Stone Mining
21:30 Gold Mining
25:28 Wheelbarrow
28:04 Hand Cart
27:37 Town Watch
29:34 Forging
29:18 Crossbowman
Dieguin
7:03 Loom
9:55 Feudal Age
12:54 Double-Bit Axe
22:53 Castle Age
20:38 Horse Collar
22:04 Fletching
22:15 Padded Archer Armor
22:16 Scale Mail Armor
25:26 Pikeman
25:40 Crossbowman
29:12 Wheelbarrow
31:00 Forging
30:55 Arson
31:13 Squires
Connection lost

Rejoining the realm…

Still unreachable

The connection could not be restored.

Session expired

The server has moved on; the page needs a fresh start.